 Dungeon Crawl Stone Soup version 0.25-a0-632-g7713895373 (webtiles) character file.

Game seed: 11484602997399225411, levelgen mode: deterministic

85 mopl the Ruffian (level 4, 0/35 HPs)
             Began as a Minotaur Transmuter on Mar 19, 2020.
             Slain by a gnoll
             ... wielding a cursed +0 halberd
              (6 damage)
             ... on level 2 of the Dungeon.
             The game lasted 00:03:08 (1924 turns).

mopl the Ruffian (Minotaur Transmuter)              Turns: 1924, Time: 00:03:08

Health: 0/35       AC:  3    Str: 14    XL:     4   Next: 25%
Magic:  4/6        EV: 12    Int: 11    God:
Gold:   96         SH:  0    Dex: 11    Spells: 1/7 levels left

rFire    . . .     SeeInvis .     - Unarmed
rCold    + . .     Gourm    .   (no shield)
rNeg     . . .     Faith    .   i - +0 robe (curse)
rPois    .         Spirit   .   (helmet restricted)
rElec    .         Reflect  .   (no cloak)
rCorr    .         Harm     .   h - +0 pair of gloves
MR       .....                  (boots currently unavailable)
Stlth    +.........             (no amulet)
HPRegen  0.11/turn              l - ring of protection from cold
MPRegen  0.10/turn              (no ring)

@: appendage (expiring), very slightly contaminated
A: retaliatory headbutt, horns 2, talons 3
a: End Transformation


You were on level 2 of the Dungeon.
You were hungry.
You had grown temporary talons.
You visited 1 branch of the dungeon, and saw 3 of its levels.

You collected 96 gold pieces.

Inventory:

Hand Weapons
 g - a +1 glaive of flaming
Missiles
 a - 27 arrows
Armour
 h - a +0 pair of gloves (worn)
 i - a cursed +0 robe (worn)
 m - a +4 ring mail
Jewellery
 l - a ring of protection from cold (left hand)
Scrolls
 b - 2 scrolls of blinking {unknown}
 d - a scroll of magic mapping {unknown}
 e - 2 scrolls of identify {unknown}
 f - a scroll of amnesia {unknown}
 j - a scroll of remove curse {unknown}
 k - a scroll of fog {unknown}
 n - a scroll of teleportation {unknown}
Comestibles
 c - 5 rations


   Skills:
 - Level 1.2 Fighting
 - Level 2.1 Dodging
 + Level 3.8 Unarmed Combat
 * Level 2.2 Spellcasting
 * Level 2.6 Transmutations
 + Level 0.3 Poison Magic


You had one spell level left.
You knew the following spells:

 Your Spells              Type           Power        Failure   Level  Hunger
a - Beastly Appendage     Tmut           #.....       10%         1    ##.....
b - Spider Form           Tmut/Pois      #.........   43%         3    ####...
w - Sticks to Snakes      Tmut           #.......     14%         2    ###....

Your spell library contained the following spells:

 Spells                   Type           Power        Failure   Level  Hunger
 Ice Form                 Ice/Tmut       #.......     86%         4    #####..
 Blade Hands              Tmut           #.........   95%         5    ######.


Dungeon Overview and Level Annotations

Branches:
Dungeon (3/15)

Altars:
Elyvilon


Innate Abilities, Weirdness & Mutations

You reflexively headbutt those who attack you in melee.
You have a pair of horns on your head.
You have claws for feet.


Message History

Confirm with . or Enter, or press ? or * to list all spells.
You miscast Beastly Appendage.
You are very lightly contaminated with residual magic.
You smell something strange.
The gnoll shouts!
The gnoll shouts!
A gnoll comes into view. It is wielding a +0 spear.
The worm bites you.
Casting: Beastly Appendage (safe; 10% risk of failure)
Confirm with . or Enter, or press ? or * to list all spells.
Your feet morph into talons.
The gnoll shouts!
Your transformation is almost over.
The gnoll hits you from afar with a cursed +0 halberd!
You hit the worm. You claw the worm!
The worm is almost dead.
The worm bites you!
* * * LOW HITPOINT WARNING * * *
The gnoll hits you from afar with a cursed +0 halberd.
You die...

....................
#...............######.
#....###...###########.
#...g#####.#####....... #.
......##...#...######
#.######...#...##...### #
#..#..<..#..##.#...## #
#...........#.....# # #
#........w@.#..####### #
...###..#........#........######
#............g..................
#..........................#.##.
#.#..#.......###'''#######....#.
#.##...#.#.###...†...# ######.
##..#...#.#.##..≈...≈..# ##...
..#........##..≈.≈.≈.≈..# ###....
..........##..≈...≈...≈..##......


You could see a worm and 2 gnolls.

Vanquished Creatures
  3 gnolls
  A leopard gecko (D:1)
  5 bats
  6 giant cockroaches
  A goblin (D:1)
  6 hobgoblins
  13 jackals
  2 frilled lizards
  6 kobolds
  4 rats (D:1)
47 creatures vanquished.

Notes
Turn   | Place    | Note
-------+----------+-------------------------------------------
     0 | D:1      | mopl the Minotaur Transmuter began the quest for the Orb.
     0 | D:1      | Reached XP level 1. HP: 16/16 MP: 1/1
    70 | D:1      | Reached XP level 2. HP: 7/23 MP: 1/3
   431 | D:1      | Reached skill level 2 in Transmutations
   921 | D:1      | Reached XP level 3. HP: 19/28 MP: 4/4
   988 | D:2      | Reached skill level 2 in Spellcasting
   996 | D:2      | Learned a level 2 spell: Sticks to Snakes
  1000 | D:2      | Learned a level 3 spell: Spider Form
  1103 | D:2      | Found a white marble altar of Elyvilon.
  1589 | D:3      | Reached XP level 4. HP: 14/35 MP: 3/6
  1924 | D:2      | Slain by a gnoll

Levels and vault maps discovered:
D:1:      psy_arrival_radial02, layout_basic, minmay_misc_feat_plants,
          grunt_decor_clamped
D:2:      layout_rooms, old_standard_altar, minmay_misc_feat_iff,
          kennysheep_cluttered_room
D:3:      layout_loops_ring, uniq_crazy_yiuf_cottage

Skill      XL: |  1  2  3 |
---------------+----------+-----
Transmutations | 2 |  2.6
Spellcasting   | 2 |  2.2
Fighting       | |  1.2
Dodging        | |  2.1
Unarmed Combat | |  3.8
Poison Magic   | |  0.3

Action                   |  1- 3 |  4- 6 || total
-------------------------+-------+-------++-------
Melee: Unarmed           |   119 |    15 ||   134
       Headbutt          |    14 |     1 ||    15
       Punch             |     1 |       ||     1
       Kick              |       |     2 ||     2
 Cast: Beastly Appendage |     3 |     2 ||     5
 Stab: Distracted        |     1 |       ||     1
       Sleeping          |     1 |       ||     1
  Eat: Chunk             |     3 |       ||     3
Armor: Ring mail         |    29 |       ||    29
       Robe              |    27 |     3 ||    30
Dodge: Dodged            |    93 |    13 ||   106

Table legend:
 A = Non-vault XP
 B = Vault XP
 C = Vault XP percentage of total XP
 D = Non-vault monster count
 E = Vault monster count
 F = Vault count percentage of total count
                 A         B        C        D         E       F
            +---------+---------+-------+---------+---------+-------
      Total |     122 |       0 |   0.0 |      47 |       0 |   0.0
            +---------+---------+-------+---------+---------+-------
        D:1 |      41 |       0 |   0.0 |      24 |       0 |   0.0
        D:2 |      56 |       0 |   0.0 |      16 |       0 |   0.0
        D:3 |      25 |       0 |   0.0 |       7 |       0 |   0.0
            +---------+---------+-------+---------+---------+-------
